 Dungeon Crawl Stone Soup version 0.23.2-40-g277498a001 (webtiles) character file.

Game seed: 17882362214469557011

61 Exodus22XD the Magician (level 3, -5/19 HPs)
             Began as a Deep Elf Ice Elementalist on Sept 23, 2019.
             Slain by Crazy Yiuf
             ... wielding a +3 quarterstaff of chaos
              (17 damage)
             ... on level 2 of the Dungeon.
             The game lasted 00:04:38 (1616 turns).

Exodus22XD the Magician (Deep Elf Ice Elementalist) Turns: 1616, Time: 00:04:39

Health: -5/19      AC:  8    Str:  5    XL:     3   Next: 83%
Magic:  9/11       EV: 13    Int: 20    God:
Gold:   93         SH:  0    Dex: 15    Spells: 5/11 levels left

rFire    . . .     SeeInvis .   b - +0 short sword
rCold    . . .     Gourm    .   (no shield)
rNeg     . . .     Faith    .   a - +0 robe
rPois    .         Spirit   .   (no helmet)
rElec    .         Reflect  .   (no cloak)
rCorr    .         Harm     .   (no gloves)
MR       .....                  (no boots)
Stlth    ++........             (no amulet)
HPRegen  0.06/turn              (no ring)
MPRegen  0.12/turn              (no ring)

@: icy armour
A: no striking features
a: no special abilities


You were on level 2 of the Dungeon.
You were not hungry.

You visited 1 branch of the dungeon, and saw 2 of its levels.

You collected 93 gold pieces.

Inventory:

Hand Weapons
 b - a +0 short sword (weapon)
 e - a +1 vampiric dagger
Armour
 a - a +0 robe (worn)
Scrolls
 d - 2 scrolls of blinking {unknown}
 f - a scroll of enchant armour {unknown}
Potions
 g - 2 potions of haste {unknown}
 h - a potion of might {unknown}
Comestibles
 c - 2 rations


   Skills:
 - Level 2.4 Dodging
 - Level 2.4 Stealth
 + Level 4.5 Spellcasting
 - Level 1.1 Conjurations
 + Level 4.4 Ice Magic


You had 5 spell levels left.
You knew the following spells:

 Your Spells              Type           Power        Failure   Level  Hunger
a - Freeze                Ice            ###.         1%          1    None
b - Ozocubu's Armour      Chrm/Ice       ##......     14%         3    ##.....
c - Throw Frost           Conj/Ice       ###...       6%          2    #......

Your spell library contained the following spells:

 Spells                   Type           Power        Failure   Level  Hunger
 Throw Icicle             Conj/Ice       ###.....     36%         4    ####...
 Summon Ice Beast         Ice/Summ       ##......     43%         4    ####...


Dungeon Overview and Level Annotations

Branches:
Dungeon (2/15)

Altars:
Nemelex Xobeh
Okawaru
Yredelemnul

Annotations:
D:2 Crazy Yiuf


Message History

You open the door.
Casting: Ozocubu's Armour (safe; 14% risk of failure)
Confirm with . or Enter, or press ? or * to list all spells.
Aiming: Freeze (safe; 1% risk of failure)
Press: ? - help, Shift-Dir - straight line, f - Crazy Yiuf
Aim: Crazy Yiuf, wielding a +3 quarterstaff of chaos and wearing a +0 cloak You freeze Crazy Yiuf.
Crazy Yiuf is moderately wounded.
Crazy Yiuf barely misses you.
Casting: Freeze (safe; 1% risk of failure)
Confirm with . or Enter, or press ? or * to list all spells.
Aiming: Freeze (safe; 1% risk of failure)
Press: ? - help, Shift-Dir - straight line, f/p - Crazy Yiuf
Aim: Crazy Yiuf, wielding a +3 quarterstaff of chaos and wearing a +0 cloak (moderately wounded)
You freeze Crazy Yiuf.
Crazy Yiuf is heavily wounded.
Crazy Yiuf hits you with a +3 quarterstaff of chaos!
You are electrocuted!
Ouch! That really hurt!
You die...

##### #..)# #...#
... #g# #### ♣♣@♣
...## ♣.♣♣ ....#
♣♣.♣ .)..# ♣.♣♣
....### ♣♣.♣♣
......# ♣...♣♣
......###### ♣....♣
...........# #....#
.≈≈#...#######....#


You could see Crazy Yiuf.

Vanquished Creatures
  2 adders (D:2)
  An adder skeleton (D:2)
  A worm (D:2)
  2 dart slugs (D:2)
  2 giant cockroaches (D:2)
  4 goblins (D:1)
  3 hobgoblins
  5 bats (D:1)
  6 kobolds
  8 rats (D:1)
34 creatures vanquished.

Notes
Turn   | Place    | Note
-------+----------+-------------------------------------------
     0 | D:1      | Exodus22XD the Deep Elf Ice Elementalist began the quest
                  | for the Orb.
     0 | D:1      | Reached XP level 1. HP: 10/10 MP: 6/6
   208 | D:1      | Found a sparkling altar of Nemelex Xobeh.
   247 | D:1      | Reached XP level 2. HP: 15/15 MP: 6/8
   795 | D:2      | Found a basalt altar of Yredelemnul.
   850 | D:2      | Reached XP level 3. HP: 16/19 MP: 3/10
  1457 | D:2      | Found an iron altar of Okawaru.
  1495 | D:2      | Found a runed translucent door.
  1496 | D:2      | Noticed Crazy Yiuf
  1510 | D:2      | Learned a level 3 spell: Ozocubu's Armour
  1513 | D:2      | Learned a level 2 spell: Throw Frost
  1616 | D:2      | Slain by Crazy Yiuf

Skill      XL: |  1  2 |
---------------+-------+-----
Ice Magic      | 4 |  4.4
Spellcasting   | 4 |  4.5
Dodging        | |  2.4
Stealth        | |  2.4
Conjurations   | |  1.1

Action                   || total
-------------------------++-------
Melee: Short sword       ||     9
 Cast: Freeze            ||    59
       Ozocubu's Armour  ||     2
 Stab: Sleeping          ||     1
  Eat: Chunk             ||     2
Armor: Robe              ||    12
Dodge: Dodged            ||    39
